 Dungeon Crawl Stone Soup version 0.30.1-3-gfc49f6343a (webtiles) character file.

Game seed: 8006557841603918878

96 H0rd4k the Charlatan (level 4, -5/28 HPs)
             Began as an Octopode Artificer on Aug 1, 2023.
             Slain by an iguana (10 damage)
             ... on level 3 of the Dungeon.
             The game lasted 00:01:19 (1589 turns).

H0rd4k the Charlatan (Octopode Artificer)           Turns: 1589, Time: 00:01:20

Health: -5/28      AC:  1    Str: 11    XL:     4   Next: 67%
Magic:  4/4        EV: 14    Int: 15    God:
Gold:   159        SH:  0    Dex: 12    Spells: 3/3 levels left

rFire   + .          .
                       - Unarmed
rCold   . . .        (no shield)
rNeg    . . .        g - +0 hat
rPois   .            (no amulet)
rElec   .            j - ring of protection from fire
rCorr   .            (no ring)
SInv    .            (no ring)
Will    .....        (no ring)
Stlth   +++          (no ring)
HPRegen 0.24/turn    (no ring)
MPRegen 0.09/turn    (no ring)
                     (no ring)

%: no passive effects
@: no status effects
A: almost no armour, amphibious, 8 rings, camouflage 1, gelatinous body 1,
(nimble swimmer 1), tentacles
a: no special abilities


You were on level 3 of the Dungeon.
You visited 1 branch of the dungeon, and saw 3 of its levels.

You collected 159 gold pieces.

Inventory:

Armour
 g - a +0 hat (worn)
Jewellery
 j - a ring of protection from fire (left tentacle)
Wands
 b - a wand of flame (15) (quivered)
 c - a wand of charming (14)
 d - a wand of iceblast (5)
Scrolls
 e - 2 scrolls of identify {unknown}
 i - a scroll of blinking {unknown}
 l - a scroll of poison {unknown}
Potions
 a - 2 potions of haste {unknown}
 f - a potion of lignification {unknown}
 h - a potion of mutation {unknown}
 k - 4 potions of might {unknown}
 m - a potion of degeneration {unknown}


   Skills:
 + Level 1.0 Fighting
 + Level 3.4 Dodging
 + Level 2.9 Stealth
 + Level 1.5 Unarmed Combat
 + Level 4.1 Evocations


You had 3 spell levels left.
You didn't know any spells.
Your spell library was empty.

Dungeon Overview and Level Annotations

Branches:
Dungeon (3/15)

Altars:
Elyvilon


Innate Abilities, Weirdness & Mutations

You cannot wear most types of armour.
You are amphibious.
You can wear up to eight rings at the same time.
Your skin changes colour to match your surroundings (Stealth+).
Your rubbery body absorbs attacks. (AC +1, EV +1)
((You are camouflaged when in or above water. (Stealth+)))
You have tentacles for arms and can constrict up to eight enemies at once.


Message History

Guard this area!
Your adder bites the iguana but does no damage.
The orc closely misses your adder. The iguana bites your adder.
The orc hits your adder with a +0 short sword.
Your adder dies!
Saving game... please wait.
Welcome back, H0rd4k the Octopode Artificer.
Press ? for a list of commands and other information.
The orc hits you with a +0 club.
You closely miss the orc. Your grab misses the orc.
You squeeze the orc, but do no damage. The orc hits you with a +0 club.
You tentacle-slap the orc but do no damage.
Your grab misses the orc. Your squeeze misses the orc.
The orc barely misses you.
You tentacle-slap the orc. Your grab misses the orc. You squeeze the orc.
You kill the orc!
You tentacle-slap the iguana but do no damage.
You grab the iguana. You squeeze the iguana.
The iguana is moderately wounded.
You constrict the iguana, but do no damage.
The iguana misses you.
You tentacle-slap the iguana but do no damage.
You squeeze the iguana.
The iguana is heavily wounded.
You constrict the iguana, but do no damage.
The iguana barely misses you.
You tentacle-slap the iguana but do no damage.
You squeeze the iguana, but do no damage.
The iguana is heavily wounded.
You constrict the iguana. The iguana misses you.
You tentacle-slap the iguana but do no damage.
The iguana is heavily wounded.
You constrict the iguana.
The iguana hisses menacingly.
The iguana bites you!
* * * LOW HITPOINT WARNING * * *
You tentacle-slap the iguana but do no damage.
The iguana is heavily wounded.
You constrict the iguana. The iguana bites you!
You die...

.#......... ..........
.......# #####....# ###
......$..# #..
#######)## #.# ### #o#
#.# ... #l# #.# #.#
########@# #.# #.#
#...(....####.###.#
#.######..........######
#. #.####.###..)...# ..
...# #.# #.#.##.## ...
.....# #.###..#....#
#### ###...#
#............ #...#
#.###..#....# #...# #.#
#.#.##.##


You could see an iguana and an orc.

Vanquished Creatures
  An orc priest (D:3)
  2 adders (D:2)
  A dart slug (D:1)
  2 orcs (D:3)
  3 bats
  3 giant cockroaches
  6 goblins
  6 hobgoblins
  2 jackals (D:2)
  3 quokkas
  A ball python (D:1)
  2 frilled lizards (D:2)
  6 kobolds
  A rat (D:2)
39 creatures vanquished.

Vanquished Creatures (others)
  An adder (D:3)
1 creature vanquished.

Grand Total: 40 creatures vanquished

Notes
Turn   | Place    | Note
-------+----------+-------------------------------------------
     0 | D:1      | H0rd4k the Octopode Artificer began the quest for the Orb.
     0 | D:1      | Reached XP level 1. HP: 13/13 MP: 1/1
   236 | D:1      | Reached XP level 2. HP: 18/18 MP: 2/2
   755 | D:2      | Reached skill level 4 in Evocations
   755 | D:2      | Reached XP level 3. HP: 18/23 MP: 3/3
  1192 | D:2      | Found a white marble altar of Elyvilon.
  1261 | D:2      | Reached XP level 4. HP: 28/28 MP: 4/4
  1570 | D:3      | Reached skill level 1 in Unarmed Combat
  1589 | D:3      | Slain by an iguana

Illustrated notes

Levels and vault maps discovered:
D:1:      tarquinn_simple_flora_water_d, layout_loops_ring,
          minmay_indecisive_spiral
D:2:      layout_rooms, basic_altar, hex_intersection, minmay_statues_item,
          kennysheep_cluttered_room
D:3:      layout_loops_ring, serial_shops, shop_fountains,
          gammafunk_ghost_mausoleum

Skill      XL: |  1  2  3  4 |
---------------+-------------+-----
Dodging        | 3 |  3.4
Evocations     | 4 |  4.1
Stealth        | 2 |  2.9
Unarmed Combat | 1 |  1.5
Fighting       | |  1.0

Action                     |  1- 3 |  4- 6 || total
---------------------------+-------+-------++-------
  Melee: Unarmed           |   101 |    25 ||   126
         Constrict         |    31 |     5 ||    36
         Tentacles         |    19 |    11 ||    30
         Punch             |     1 |       ||     1
  Evoke: Wand              |       |     1 ||     1
   Stab: Sleeping          |     7 |       ||     7
 Armour: Skin              |    11 |     2 ||    13
  Dodge: Dodged            |    72 |    14 ||    86
